Map: Acropolis LE

Players

pHARM

  • Race: Zerg Zerg
  • League: Platinum
  • Spawn Location: 5:00

MastrOfOrion - Winner!

  • Race: Terran Terran
  • League: Diamond
  • Spawn Location: 11:00

VOD

Have the link to the VOD?

Description

Time

  • Played on: June 29, 2019, 6:48 p.m.
  • Length: 17:39
Show
View Real Time Build Order
Export as new Build Order

pHARM Zerg 

Build Orders: Hatch First, Swarm Host 

Get SALT Encoding   

  12  0:01  Drone  
  13  0:08  Drone  
  14  0:16  Overlord  
  14  0:35  Drone x2  
  16  0:50  Hatchery  
  15  0:57  Drone  
  15  0:58  Drone  
  17  1:07  Drone  
  18  1:16  Spawning Pool  
  18  1:17  Extractor  
  16  1:19  Drone  
  16  1:23  Drone  
  18  1:31  Drone  
  19  1:53  Drone x2  
  21  2:00  Hatchery  
  20  2:11  Queen  
  20  2:13  Zergling x6  
  25  2:21  Metabolic Boost  
  25  2:41  Drone x3  
  28  2:56  Overlord  
  28  3:11  Queen x2  
  32  3:19  Queen  
  31  3:23  Drone x7  
  31  3:24  Drone  
  41  3:39  Overlord  
  41  3:40  Overlord  
  41  3:57  Queen x2  
  41  3:59  Drone x3  
  41  4:00  Drone x4  
  52  4:16  Extractor  
  49  4:28  Drone x7  
  49  4:29  Drone  
  57  4:52  Overlord x2  
  57  5:06  Overlord x2  
  57  5:10  Queen x3  
  57  5:14  Extractor  
  62  5:15  Extractor  
  62  5:16  Drone x8  
  64  5:46  Pneumatized Carapace  
  61  5:51  Queen x2  
  63  6:07  Drone x4  
  63  6:08  Drone x14  
  80  6:27  Zergling x2, Extractor  
  80  6:28  Zergling x4, Extractor  
  80  6:29  Overlord x3  
  81  6:34  Queen x2  
  70  6:42  Drone x3  
  70  6:43  Drone x4  
  76  6:58  Lair, Roach Warren  
  75  7:14  Queen x2  
  79  7:28  Drone x14  
  93  7:48  Overlord x5  
  93  7:50  Queen  
  95  7:55  Spore Crawler  
  94  7:58  Spore Crawler x3  
  94  8:04  Roach  
  89  8:05  Roach  
  89  8:06  Roach x8  
  97  8:18  Roach x5  
  97  8:20  Queen x2  
  97  8:26  Queen  
  101  8:30  Roach x8  
  101  8:45  Roach x4  
  108  8:56  Queen x2  
  108  9:01  Queen  
  112  9:04  Drone  
  112  9:05  Drone x6  
  119  9:17  Drone x2  
  119  9:18  Drone x2  
  72  10:02  Drone x2  
  72  10:03  Drone x13, Queen x3  
  91  10:11  Roach  
  91  10:12  Roach x2  
  79  10:38  Queen  
  79  10:39  Queen  
  83  10:59  Infestation Pit  
  83  11:01  Hatchery  
  83  11:02  Nydus Network  
  78  11:08  Roach x13  
  78  11:09  Evolution Chamber  
  78  11:10  Evolution Chamber  
  88  11:21  Spore Crawler x2  
  84  11:38  Drone x7  
  84  11:39  Drone x3  
  94  11:44  Zerg Missile Weapons Level 1  
  94  11:45  Zerg Ground Armor Level 1  
  94  12:07  Drone  
  94  12:08  Drone x10  
  105  12:22  Swarm Host x4  
  105  12:27  Extractor  
  105  12:28  Extractor  
  105  12:29  Spine Crawler  
  114  12:39  Spine Crawler  
  114  12:40  Spine Crawler  
  102  12:44  Roach x6  
  95  13:18  Hatchery  
  88  13:28  Swarm Host  
  88  13:29  Swarm Host x13  
  126  13:44  Roach  
  126  13:45  Roach x6  
  134  14:52  Zerg Ground Armor Level 2, Zerg Missile Weapons Level 2  
  134  14:54  Hive  
  134  14:55  Overlord x2  
  134  15:02  Nydus Canal  
  106  15:23  Roach  
  106  15:24  Roach x17  
  142  15:44  Nydus Canal  
  142  15:59  Nydus Canal  
  82  16:54  Nydus Canal  
Show
View Real Time Build Order
Export as new Build Order

MastrOfOrion Terran - Winner!

Build Orders: Liberator Opening 

Get SALT Encoding   

  12  0:00  SCV  
  13  0:13  SCV  
  14  0:17  Supply Depot  
  14  0:25  SCV  
  15  0:39  SCV  
  15  0:40  Barracks  
  16  0:45  Refinery  
  16  0:51  SCV  
  17  1:03  SCV  
  18  1:15  SCV  
  19  1:18  Supply Depot  
  19  1:27  SCV  
  20  1:35  Barracks Reactor  
  20  1:42  Orbital Command  
  20  1:55  Command Center  
  20  2:07  Factory  
  20  2:11  SCV  
  20  2:13  Marine  
  22  2:16  Marine  
  23  2:33  SCV  
  23  2:35  Refinery  
  24  2:39  Supply Depot  
  23  2:45  SCV  
  24  2:57  SCV  
  25  2:59  Starport  
  25  3:00  Hellion  
  25  3:01  Hellion  
  29  3:07  Orbital Command  
  29  3:10  SCV  
  30  3:19  Barracks Tech Lab  
  30  3:22  Hellion x2  
  30  3:23  Liberator  
  34  3:30  Orbital Command  
  37  3:46  Supply Depot  
  38  3:50  Hellion x2  
  38  3:53  SCV  
  42  3:57  SCV  
  43  4:09  Armory  
  43  4:11  SCV  
  43  4:14  SCV  
  45  4:26  SCV  
  45  4:30  Liberator  
  46  4:40  SCV x2  
  48  4:48  Hellion x2  
  56  4:52  SCV x2  
  56  4:54  Factory  
  57  5:00  Factory  
  57  5:04  Barracks Reactor, SCV  
  58  5:09  Hellion  
  58  5:10  Hellion  
  58  5:13  Supply Depot  
  62  5:22  SCV x2  
  62  5:25  Engineering Bay  
  64  5:34  SCV  
  62  6:07  SCV  
  63  6:19  SCV  
  63  6:24  Cyclone  
  63  6:25  Hellion, Supply Depot  
  71  6:26  Hellion  
  71  6:27  Hellion x2, Infernal Pre-Igniter  
  71  6:30  Starport Reactor  
  71  6:47  Hellion x2  
  71  6:48  SCV  
  72  6:55  Factory  
  72  6:56  Factory  
  72  6:57  Command Center  
  72  6:59  Hellion x2, Liberator  
  72  7:00  SCV  
  81  7:08  Hellion x2  
  81  7:12  Refinery  
  81  7:13  Refinery, SCV  
  85  7:25  SCV, Supply Depot  
  85  7:26  Terran Vehicle And Ship Armor Level 1  
  85  7:28  Hellion  
  89  7:37  SCV  
  89  7:46  Factory Tech Lab  
  89  7:47  Factory Tech Lab  
  89  7:49  SCV, Supply Depot  
  90  7:51  Supply Depot  
  90  8:00  Hellion x11  
  90  8:01  SCV  
  85  8:13  SCV  
  81  8:48  Planetary Fortress  
  79  8:53  Cyclone x3  
  79  8:55  Hellion x4  
  96  8:58  Mag-Field Accelerator  
  96  9:00  Supply Depot  
  96  9:01  Supply Depot  
  96  9:02  Liberator  
  96  9:03  Liberator  
  96  9:16  Hellion  
  84  9:57  Cyclone x2  
  84  9:58  Cyclone  
  84  9:59  Hellion x4  
  91  10:21  Hellion  
  93  10:28  SCV  
  94  10:30  SCV  
  95  10:40  SCV  
  95  10:41  SCV  
  95  10:42  SCV  
  98  10:52  SCV  
  98  10:53  SCV  
  98  10:54  SCV  
  101  11:04  SCV  
  101  11:06  SCV  
  100  11:19  Hellion x12  
  100  11:33  SCV  
  100  11:34  SCV  
  100  11:36  Cyclone x2  
  100  11:37  Cyclone  
  100  11:38  Hellion x2  
  100  11:39  Hellion x2  
  116  11:42  Smart Servos  
  116  11:43  Liberator x2  
  116  11:45  Terran Vehicle And Ship Armor Level 2, SCV, Supply Depot  
  116  11:46  SCV  
  118  11:49  Supply Depot  
  118  11:50  Supply Depot  
  118  11:55  Refinery  
  118  11:57  SCV  
  118  11:59  Neosteel Armor  
  118  12:00  Hellion  
  127  12:03  Command Center  
  127  12:09  SCV  
  127  12:10  Cyclone x3  
  127  12:11  Hellion x2  
  127  12:12  Hellion  
  143  12:21  Hellion, SCV  
  146  12:25  Refinery, SCV x2  
  146  12:26  Liberator x2  
  148  12:33  Hellion, SCV  
  151  12:37  SCV  
  151  12:38  SCV  
  157  12:45  SCV  
  157  12:50  SCV x2  
  155  12:57  SCV  
  142  13:47  Cyclone x3  
  142  13:48  Hellion x4  
  159  13:57  SCV, Supply Depot  
  159  13:58  Supply Depot  
  159  13:59  Supply Depot  
  160  14:08  Planetary Fortress  
  160  14:09  Missile Turret, SCV, Hellion  
  163  14:17  Hi-Sec Auto Tracking  
  163  14:19  Hellbat  
  163  14:21  SCV  
  163  14:22  Missile Turret, Cyclone x2  
  163  14:23  Missile Turret, Cyclone, Hellion x2  
  179  14:25  Missile Turret  
  179  14:27  Missile Turret  
  179  14:31  Hellion  
  181  14:32  Refinery  
  181  14:41  Refinery  
  171  15:40  Hellion  
  171  15:41  Hellion x6  
  185  16:02  Hellion x4  
  193  16:05  SCV  
  169  16:44  Cyclone  
  169  16:45  Cyclone x2  
Tags
 
Add a new tag
Caveats
  • Supply blocks, unpowered buildings, or Contaminate may cause inaccurate times.
  • Supply counts are checked every 10 seconds.